 Dungeon Crawl Stone Soup version 0.13.1-22-g086cdba (webtiles) character file.

378 Kae the Insei (level 5, 0/40 HPs)
             Began as a Draconian Transmuter on Jan 1, 2014.
             Slain by a gnoll shaman
             ... wielding a +0,+0 club
              (2 damage)
             ... on Level 3 of the Dungeon.
             The game lasted 00:03:52 (2928 turns).

Kae the Insei (Draconian Transmuter)                Turns: 2928, Time: 00:03:53

HP   0/40        AC  7     Str 12      XL: 5   Next: 38%
MP   7/7         EV  2     Int 14      God:
Gold 192         SH  0     Dex 12      Spells:  1 memorised,  7 levels left

Res.Fire  : . . .   See Invis. : .     - Unarmed
Res.Cold  : . . .   Warding    : .   (armour unavailable)
Life Prot.: + + +   Conserve   : .   (no shield)
Res.Poison: +       Res.Corr.  : .   (helmet restricted)
Res.Elec. : .       Clarity    : .   (no cloak)
Sust.Abil.: . .     Spirit.Shd : .   (no gloves)
Res.Mut.  : .       Stasis     : .   r - +1 pair of elf boots
Res.Rott. : +       Flight     : .   (no amulet)
Saprovore : . . .                    (no ring)
                                     o - ring of sustenance

@: petrified, glowing, slightly resistant to hostile enchantments, very
unstealthy
A: unfitting armour, AC +5
a: no special abilities


You were on level 3 of the Dungeon.
You were not hungry.

You visited 1 branch of the dungeon, and saw 3 of its levels.

You collected 172 gold pieces.

Inventory:

Missiles
 b - 12 arrows
 k - 17 arrows of flame
Armour
 r - a +1 pair of elven boots (worn)
Comestibles
 a - 2 bread rations
 t - a meat ration
Scrolls
 c - a scroll of enchant weapon II
 g - a scroll of blinking
 h - 2 scrolls of curse armour
 j - 3 scrolls of remove curse {unknown}
 m - a scroll of enchant armour
 p - a scroll of fear {unknown}
Jewellery
 o - a ring of sustenance (left hand)
Potions
 e - a potion of might {unknown}
 f - 2 potions of curing {unknown}
 l - 2 potions of heal wounds {unknown}
 n - a potion of poison {unknown}
 s - a potion of paralysis {unknown}
Books
 d - a book of Changes

   Spells                             Type                      Level
   *Beastly Appendage                 Transmutation                1
   Sticks to Snakes                   Transmutation                2
   Spider Form                        Transmutation/Poison         3
   Ice Form                           Ice/Transmutation            4
   Blade Hands                        Transmutation                5
 i - a book of Summonings

   Spells                             Type                      Level
   Abjuration                         Summoning                    3
   Recall                             Summoning/Translocation      3
   Summon Elemental                   Summoning                    4
   Shadow Creatures                   Summoning                    5
   Summon Demon                       Summoning                    5
   Summon Ugly Thing                  Summoning                    6


   Skills:
 - Level 1.1 Fighting
 - Level 1.7 Dodging
 * Level 6.1 Unarmed Combat
 - Level 2.0 Spellcasting
 - Level 2.0 Transmutations


You had 7 spell levels left.
You knew the following spells:

 Your Spells              Type           Power        Failure   Level  Hunger
a - Beastly Appendage     Trmt           #.....       12%         1    ##.....


Dungeon Overview and Level Annotations

Branches:
Dungeon (3/27)

Altars:


Message History

The gnoll shaman is heavily wounded.
The gnoll shaman hits you with a club!
* * * LOW HITPOINT WARNING * * *
You have turned to stone.
The gnoll shaman hits you with a club!
* * * LOW HITPOINT WARNING * * *
The gnoll shaman calls down the wrath of its god upon you.
The gnoll shaman hits you with a club.
* * * LOW HITPOINT WARNING * * *
The gnoll shaman hits you but does no damage.
The gnoll shaman hits you with a club.
* * * LOW HITPOINT WARNING * * *
The gnoll shaman hits you but does no damage.
The gnoll shaman hits you with a club!
* * * LOW HITPOINT WARNING * * *
You are no longer glowing.
The gnoll shaman invokes the aid of its god against you.
You are outlined in light.
The gnoll shaman hits you with a club.
You die...

## #.... #.....
#########......
#.............g.
#................
#......g.........
#....@..........
#...............#
#.<)............#
#..............##
#..............#
#########......#
#......# #......+
##.....#


You could see a gnoll shaman.

Vanquished Creatures
  A giant frog (D:3)
  3 adders (D:3)
  3 gnolls (D:3)
  A giant gecko (D:3)
  5 orcs (D:3)
  A ball python (D:3)
  2 giant cockroaches
  5 goblins
  7 hobgoblins
  2 quokkas (D:1)
  9 bats
  7 giant newts
  15 kobolds
  11 rats
72 creatures vanquished.

Notes
Turn   | Place    | Note
--------------------------------------------------------------
     0 | D:1      | Kae, the Draconian Transmuter, began the quest for the Orb.
     0 | D:1      | Reached XP level 1. HP: 16/16 MP: 1/1
   113 | D:1      | Reached XP level 2. HP: 14/23 MP: 3/3
   500 | D:1      | Reached skill level 4 in Unarmed Combat
  1091 | D:2      | Reached XP level 3. HP: 28/28 MP: 4/4
  1942 | D:3      | Reached skill level 5 in Unarmed Combat
  1942 | D:3      | Reached XP level 4. HP: 20/35 MP: 4/6
  2112 | D:3      | Noticed a giant frog
  2129 | D:3      | Killed a giant frog
  2129 | D:3      | Reached XP level 5. HP: 12/40 MP: 7/7
  2902 | D:3      | Reached skill level 6 in Unarmed Combat
  2926 | D:3      | HP: 2/40 [gnoll shaman/club (4)]
  2928 | D:3      | Slain by a gnoll shaman

Action                   |  1- 3 |  4- 6 || total
-------------------------+-------+-------++-------
Melee: Unarmed           |   173 |    78 ||   251
 Cast: Beastly Appendage |     3 |     7 ||    10
  Use: Scroll            |     7 |       ||     7
 Stab: Sleeping          |     2 |       ||     2
